 Dungeon Crawl Stone Soup version 0.25-a0-603-g0321be95db (webtiles) character file.

Game seed: 11321896525205090937, levelgen mode: deterministic

854 CryoSword the Ruffian (level 7, -7/66 HPs)
             Began as a Troll Transmuter on Mar 16, 2020.
             Mangled by an orc warrior
             ... wielding a cursed -3 hand axe
              (9 damage)
             ... on level 5 of the Dungeon.
             The game lasted 00:15:04 (3899 turns).

CryoSword the Ruffian (Troll Transmuter)            Turns: 3899, Time: 00:15:05

Health: -7/66      AC:  6    Str: 19    XL:     7   Next: 70%
Magic:  7/7        EV: 10    Int: 11    God:
Gold:   158        SH:  0    Dex: 10    Spells: 5/8 levels left

rFire    . . .     SeeInvis +     - Unarmed
rCold    . . .     Gourm    +   (no shield)
rNeg     . . .     Faith    .   b - +0 robe
rPois    .         Spirit   .   (helmet restricted)
rElec    .         Reflect  .   (no cloak)
rCorr    .         Harm     .   (gloves unavailable)
MR       .....                  (boots unavailable)
Stlth    +.........             (no amulet)
HPRegen  0.61/turn              n - ring of see invisible
MPRegen  0.10/turn              (no ring)

@: no status effects
A: large, unfitting armour, claws 3, fast metabolism 3, gourmand, regeneration
1, shaggy fur 1, tough skin 3
a: no special abilities


You were on level 5 of the Dungeon.
You were completely stuffed.

You visited 1 branch of the dungeon, and saw 5 of its levels.

You collected 158 gold pieces.

Inventory:

Missiles
 a - 49 arrows
 e - 28 poisoned darts
 l - 200 stones
 p - 4 large rocks (quivered)
Armour
 b - a +0 robe (worn)
Jewellery
 n - a ring of see invisible (left claw)
   (You found it on level 2 of the Dungeon)
Wands
 y - a wand of polymorph (13)
   (You took it off Robin on level 3 of the Dungeon)
 B - a wand of digging (8)
   (You found it on level 4 of the Dungeon)
Scrolls
 c - a scroll of noise {unknown}
 f - a scroll of fog {unknown}
 i - 2 scrolls of remove curse {unknown}
 k - a scroll of enchant weapon {unknown}
 m - 2 scrolls of magic mapping {unknown}
 o - 2 scrolls of identify {unknown}
 s - 7 scrolls of teleportation {unknown}
 t - a scroll of amnesia {unknown}
 z - a scroll of fear {unknown}
Potions
 g - 6 potions of curing {unknown}
 h - 2 potions of ambrosia {unknown}
 j - 2 potions of berserk rage {unknown}
 q - a potion of resistance {unknown}
 r - 3 potions of heal wounds {unknown}
 u - a potion of flight {unknown}
 v - a potion of haste {unknown}
 w - a potion of lignification {unknown}
 A - a potion of cancellation {unknown}
Comestibles
 d - 6 rations {!d}
 x - 14 chunks of flesh


   Skills:
 + Level 2.8 Fighting
 + Level 3.2 Dodging
 * Level 5.9 Unarmed Combat
 - Level 1.2 Spellcasting
 * Level 4.0 Transmutations


You had 5 spell levels left.
You knew the following spells:

 Your Spells              Type           Power        Failure   Level  Hunger
a - Beastly Appendage     Tmut           #.....       6%          1    ##.....
b - Sticks to Snakes      Tmut           #.......     9%          2    ###....

Your spell library contained the following spells:

 Spells                   Type           Power        Failure   Level  Hunger
 Spider Form              Tmut/Pois      #.........   38%         3    ####...
 Ice Form                 Ice/Tmut       #.......     80%         4    #####..
 Blade Hands              Tmut           #.........   86%         5    ######.


Dungeon Overview and Level Annotations

Branches:
Dungeon (5/15)
 Temple: D:4-7

Altars:
Nemelex Xobeh
Qazlal
Ru
Trog
Zin


Innate Abilities, Weirdness & Mutations

You are too large for most types of armour.
You have claws for hands.
Your metabolism is lightning-fast.
You like to eat raw meat.
Your natural rate of healing is unusually fast.
You are covered in fur. (AC +1)
You have extremely tough skin. (AC +3)


Message History

An orc comes into view. It is wielding a +0 dagger.
An orc wizard comes into view. It is wielding a +0 short sword.
A giant cockroach comes into view.
Found a stone staircase leading down.
You closely miss the orc. Your kick misses the orc.
The orc hits you with a +0 flail.
You claw the orc!
You kill the orc!
The orc hits you with a +1 mace of protection.
You closely miss the orc. Your kick misses the orc. You claw the orc wizard!
Your kick misses the orc wizard.
The orc wizard is almost dead.
The giant cockroach bites you but does no damage.
The orc barely misses you.
You claw the orc wizard!
You kill the orc wizard!
Your transformation is almost over.
The giant cockroach bites you but does no damage.
The orc hits you but does no damage.
You claw the orc!
You kill the orc!
The giant cockroach bites you. The orc barely misses you.
You claw the orc!
You kill the orc!
The giant cockroach bites you but does no damage.
The giant cockroach closely misses you.
You barely miss the giant cockroach. You claw the giant cockroach.
The giant cockroach is moderately wounded.
The giant cockroach bites you but does no damage.
You closely miss the giant cockroach. You claw the giant cockroach.
The giant cockroach is almost dead.
The giant cockroach barely misses you.
You barely miss the giant cockroach.
You claw the giant cockroach, but do no damage.
The giant cockroach is almost dead.
The giant cockroach barely misses you.
You closely miss the giant cockroach.
The giant cockroach is almost dead.
The giant cockroach closely misses you.
You barely miss the giant cockroach. You claw the giant cockroach.
You kill the giant cockroach!
Unknown command.
Eating one of 4 chunks of flesh.
You eat one of the 4 chunks of flesh.
This raw flesh tastes great.
Items here: ))) [ †† You butcher the orc corpse.
x - 5 chunks of flesh (gained 2)
You butcher the orc corpse.
x - 8 chunks of flesh (gained 3)
Items here: ))) [ ÷÷ Your talons disappear.
Items here: ))) [ ÷÷
Found a dagger.
Things that are here:
a +1 mace of protection; an orc corpse You butcher the orc corpse.
x - 11 chunks of flesh (gained 3)
Things that are here:
a +1 mace of protection; an orc skeleton
Things that are here:
a +1 mace of protection; an orc skeleton You butcher the giant cockroach corpse.
x - 13 chunks of flesh (gained 2)
A giant cockroach comes into view.
Found 12 gold pieces.
A giant cockroach is nearby!
A giant cockroach is nearby!
Casting: Beastly Appendage (safe; 7% risk of failure)
Confirm with . or Enter, or press ? or * to list all spells.
Your feet morph into talons.
The giant cockroach bites you but does no damage.
You scratch the giant cockroach but do no damage.
Your kick misses the giant cockroach. The giant cockroach barely misses you.
You claw the giant cockroach!
You kill the giant cockroach!
No target in view!
You butcher the giant cockroach corpse.
x - 14 chunks of flesh (gained 1)
Your transformation is almost over.
You now have 158 gold pieces (gained 12).
You see here a robe.
As you open the door, it creaks loudly!
You hear a shout!
Found 2 scrolls labeled MULIDWOCLA.
Found a glowing silver altar of Zin.
There is an open door here.
Your talons disappear.
There is an open door here.
Grinder comes into view.
Grinder gestures at you. Pain shoots through your body!
You see here a robe.
An orc warrior comes into view. It is wielding a -3 hand axe.
The orc warrior shouts!
Casting: Beastly Appendage (safe; 7% risk of failure)
Confirm with . or Enter, or press ? or * to list all spells.
Your feet morph into talons.
Your transformation is almost over.
Grinder misses you.
You claw Grinder! Your kick misses Grinder.
Grinder is moderately wounded.
Grinder hits you.
You scratch Grinder. Your kick misses Grinder. You claw Grinder.
Grinder is heavily wounded.
Grinder gestures at you.
You struggle to resist.
An orc wizard comes into view. It is wielding a +0 dagger.
You barely miss Grinder.
Grinder is heavily wounded.
The orc wizard shouts!
Grinder blinks!
You closely miss the orc warrior.
The orc warrior hits you with a cursed -3 hand axe!!
You barely miss the orc warrior.
An orc comes into view. It is wielding a +0 flail.
The orc warrior closely misses you.
Grinder blinks!
You barely miss Grinder.
The orc shouts!
You claw Grinder!
Grinder is severely wounded.
You scratch Grinder. You claw Grinder. Your claw misses Grinder.
Grinder is severely wounded.
Grinder hits you.
* * * LOW HITPOINT WARNING * * *
You writhe in agony.
* * * LOW HITPOINT WARNING * * *
The orc warrior hits you with a cursed -3 hand axe!
* * * LOW HITPOINT WARNING * * *
You claw Grinder!
You kill Grinder!
Your Transmutations skill increases to level 4!
Your talons disappear.
The orc wizard casts a spell.
The orc wizard blinks!
The orc warrior barely misses you.
The orc wizard casts a spell.
The orc wizard seems to speed up.
The orc warrior hits you with a cursed -3 hand axe!
* * * LOW HITPOINT WARNING * * *
The orc wizard hits you but does no damage.
The orc wizard closely misses you.
The orc wizard hits you with a +0 dagger.
* * * LOW HITPOINT WARNING * * *
The orc warrior hits you with a cursed -3 hand axe.
* * * LOW HITPOINT WARNING * * *
The orc wizard hits you with a +0 dagger.
* * * LOW HITPOINT WARNING * * *
The orc wizard gestures wildly while chanting.
The orc wizard blinks!
You claw the orc warrior!
The orc warrior is moderately wounded.
The orc warrior hits you with a cursed -3 hand axe!
You die...

#...#
#####...######## ##
#...# #.........
#.?#...###.#####.##
#..#._.'.#.# ###
#?.#...#.[.# ..
#...###o##.# #
#####...o#.##.##.
### ####..@.......
.).####...........#.
............#####.#
......o.....#
#...#.###.#
#....>....# #
#...#.###.#
#.#)))#.# #...
#####.#...#.# ####.#


You could see an orc warrior, an orc wizard and an orc.

Vanquished Creatures
  Grinder (D:5)
  An ogre (D:4)
  2 orc priests (D:4)
  An iguana (D:4)
  6 orc wizards
  2 worker ants (D:4)
  A hound skeleton (D:4)
  Robin (D:3)
  4 gnolls (D:3)
  7 adders
  An ooze (D:1)
  3 worms
  A dart slug (D:2)
  5 leopard geckos
  13 orcs
  A ball python (D:1)
  12 giant cockroaches
  16 goblins
  10 hobgoblins
  5 jackals
  2 quokkas
  A ball python skeleton (D:4)
  6 bats
  3 frilled lizards
  A jackal skeleton (D:4)
  5 kobolds
  9 rats
120 creatures vanquished.

Vanquished Creatures (collateral kills)
  An orc wizard (D:4)
  5 goblins (D:3)
  A jackal (D:3)
7 creatures vanquished.

Grand Total: 127 creatures vanquished

Notes
Turn   | Place    | Note
-------+----------+-------------------------------------------
     0 | D:1      | CryoSword the Troll Transmuter began the quest for the Orb.
     0 | D:1      | Reached XP level 1. HP: 18/18 MP: 1/1
    36 | D:1      | Reached skill level 1 in Fighting
   160 | D:1      | Reached XP level 2. HP: 27/27 MP: 0/2
   726 | D:1      | Reached XP level 3. HP: 33/33 MP: 3/3
   730 | D:1      | Learned a level 2 spell: Sticks to Snakes
   947 | D:2      | Found a sparkling altar of Nemelex Xobeh.
  1125 | D:2      | Reached XP level 4. HP: 31/41 MP: 2/4
  1437 | D:2      | Found a faded altar of an unknown god.
  1503 | D:2      | Found a bloodstained altar of Trog.
  1807 | D:3      | Reached skill level 4 in Unarmed Combat
  1879 | D:3      | Reached XP level 5. HP: 40/49 MP: 1/5
  2560 | D:3      | Found a sacrificial altar of Ru.
  2911 | D:3      | Noticed Robin
  2934 | D:3      | Killed Robin
  3204 | D:4      | Reached XP level 6. HP: 35/57 MP: 6/6
  3446 | D:4      | Reached skill level 5 in Unarmed Combat
  3468 | D:4      | Reached XP level 7. HP: 52/66 MP: 7/7
  3514 | D:4      | Found a stormy altar of Qazlal.
  3800 | D:5      | Entered Level 5 of the Dungeon
  3873 | D:5      | Found a glowing silver altar of Zin.
  3877 | D:5      | Noticed Grinder
  3893 | D:5      | Killed Grinder
  3897 | D:5      | HP: 2/66 [orc warrior/cursed -3 hand axe (3)]
  3899 | D:5      | Mangled by an orc warrior

Levels and vault maps discovered:
D:1:      psy_arrival_statuary, layout_basic
D:2:      layout_loops_ring, lemuel_coloured_pillars_altar,
          nemelex_xobeh_ov_fountains_minmay, chequers_ecumenical_altar_simple,
          grunt_decor_arrowhead
D:3:      kennysheep_goblin_castle, layout_basic, old_standard_altar
D:4:      layout_cave_pools, overflow_temple_1_default
D:5:      layout_loops_cross, kennysheep_mini, overflow_temple_1_default,
          zin_scriptorium, temple_pool_b, first_ration, serial_shops,
          nicolae_shop_behind_doors, shop_statue, kennysheep_little_box,
          minmay_misc_feat_x, uniq_grinder

Skill      XL: |  1  2  3  4  5  6  7 |
---------------+----------------------+-----
Fighting       | 1 2 |  2.8
Dodging        | 2 3 |  3.2
Transmutations | 2 3 4 |  4.0
Unarmed Combat | 4 5 |  5.9
Spellcasting   | |  1.2

Action                   |  1- 3 |  4- 6 |  7- 9 || total
-------------------------+-------+-------+-------++-------
Melee: Unarmed           |    81 |   181 |    49 ||   311
       Kick              |     3 |    10 |    11 ||    24
       Headbutt          |     1 |     5 |     2 ||     8
       Punch             |       |     3 |     1 ||     4
 Cast: Beastly Appendage |    11 |    28 |    10 ||    49
       Sticks to Snakes  |       |     6 |     1 ||     7
 Stab: Sleeping          |       |     1 |       ||     1
  Eat: Chunk             |    16 |    23 |     5 ||    44
Armor: Robe              |    27 |    67 |    15 ||   109
Dodge: Dodged            |    38 |    97 |    20 ||   155

Table legend:
 A = Non-vault XP
 B = Vault XP
 C = Vault XP percentage of total XP
 D = Non-vault monster count
 E = Vault monster count
 F = Vault count percentage of total count
                 A         B        C        D         E       F
            +---------+---------+-------+---------+---------+-------
      Total |     893 |     328 |  26.9 |     105 |      22 |  17.3
            +---------+---------+-------+---------+---------+-------
        D:1 |      41 |       0 |   0.0 |      21 |       0 |   0.0
        D:2 |      96 |       0 |   0.0 |      24 |       0 |   0.0
        D:3 |     153 |      47 |  23.5 |      24 |      21 |  46.7
        D:4 |     549 |       0 |   0.0 |      27 |       0 |   0.0
        D:5 |      54 |     281 |  83.9 |       9 |       1 |  10.0
            +---------+---------+-------+---------+---------+-------
